AoeStats
← Kikin3277

Arena

510880511Analyzed
1v1 RM · 15h ago on Oct 3, 2026· 33m 58s· 2 players
Game mode
Random Map
Map size
Tiny (2 player)
Population
200
Speed
Normal
Resources
Standard
Victory
Conquest
Starting age
Dark Age
Ending age
Imperial Age
RankedLock teamsTeams togetherTeam positionsShared explorationLock speedFull tech treeHidden civsTurbo modeCheats
Victory
Defeat
🇦🇷 Spanish · Argentina
997
+17
🇲🇽 Varangians · Mexico
1012
-17
Kikin3277
11:27 Feudal Age
9:42 Loom
15:35 Castle Age
27:27 Imperial Age
31:06 Scale Barding Armor
31:12 Forging
31:30 Bloodlines
leonhartbk
10:32 Feudal Age
14:40 Castle Age
14:35 Double-Bit Axe
14:33 Horse Collar
15:49 Wheelbarrow
17:28 Loom
17:59 Hand Cart
19:27 Town Watch
26:17 Heavy Plow
31:17 Imperial Age
29:51 Scale Barding Armor
29:57 Forging
31:24 Bloodlines
32:22 Conscription
33:43 Husbandry
33:37 Elite Jarl
Connection lost

Rejoining the realm…

Still unreachable

The connection could not be restored.

Session expired

The server has moved on; the page needs a fresh start.